 Dungeon Crawl Stone Soup version 0.31-a0-202-g547052bce9 (webtiles) character file.

Game seed: 17064829488003151804

168 qw the Skirmisher (level 5, -1/29 HPs)
             Began as a Deep Elf Hunter on June 26, 2023.
             Slain by an orc
             ... wielding a +0 mace
              (5 damage)
             ... on level 3 of the Dungeon.
             The game lasted 00:00:48 (1349 turns).

qw the Skirmisher (Deep Elf Hunter)                 Turns: 1349, Time: 00:00:48

Health: -1/29      AC:  5    Str: 10    XL:     5   Next: 23%
Magic:  0/7        EV: 12    Int: 14    God:
Gold:   189        SH:  0    Dex: 24    Spells: 4/4 levels left

rFire   . . .        Y - +0 shortbow
rCold   + . .        (shield currently unavailable)
rNeg    . . .        d - +0 ring mail
rPois   .            (no helmet)
rElec   .            (no cloak)
rCorr   .            (no gloves)
SInv    .            (no boots)
Will    .....        k - amulet of guardian spirit
Stlth   ++           j - +6 ring of dexterity
HPRegen 0.24/turn    b - ring of protection from cold
MPRegen 0.10/turn

%: guardian spirit
@: about to teleport
A: no striking features
a: no special abilities


You were on level 3 of the Dungeon.
You visited 1 branch of the dungeon, and saw 3 of its levels.

You collected 189 gold pieces.


   Skills:
 - Level 1.5 Fighting
 + Level 8.4 Ranged Weapons
 - Level 3.0 Dodging
 - Level 1.2 Stealth


You had 4 spell levels left.
You didn't know any spells.
Your spell library was empty.

Inventory:

Hand Weapons
 Y - a +0 shortbow (weapon)
Armour
 d - a +0 ring mail (worn)
Jewellery
 b - a ring of protection from cold (right hand)
 c - an amulet of regeneration
 f - a ring of positive energy
 j - a +6 ring of dexterity (left hand)
 k - an amulet of guardian spirit (around neck)
Scrolls
 e - a scroll of identify
Potions
 g - a potion of heal wounds {unknown}
 h - 3 potions of curing

Dungeon Overview and Level Annotations

Branches:
Dungeon (3/15)

Altars:
Kikubaaqudgha
Uskayaw
Xom
Zin


Message History

You kill the hobgoblin!
The orc wizard barely misses you.
You shoot an arrow.
The arrow closely misses the orc wizard.
The arrow closely misses the orc.
The arrow hits the bat but does no damage.
The bat hits you but does no damage.
The orc throws a boomerang.
The boomerang closely misses you.
You shoot an arrow.
The arrow hits the orc wizard but does no damage.
The bat hits you. x2
The orc wizard hits you but does no damage.
You shoot an arrow.
The arrow closely misses the orc wizard.
The bat hits you.
The orc wizard hits you but does no damage.
The orc hits you but does no damage. The orc hits you with a +0 mace.
The bat hits you.
You shoot an arrow.
The arrow hits the orc wizard but does no damage.
The bat hits you but does no damage. The bat completely misses you.
The orc wizard barely misses you. The orc misses you.
The orc hits you with a +0 mace.
You shoot an arrow. The arrow barely misses the orc wizard.
The bat hits you but does no damage. The bat closely misses you.
The orc wizard points at you and mumbles some strange words.
You resist with some effort. The orc hits you but does no damage. x2
You shoot an arrow.
The arrow closely misses the orc wizard.
The bat closely misses you. The orc wizard closely misses you.
The orc hits you but does no damage. The orc hits you with a +0 mace.
The orc wizard points at you and mumbles some strange words.
The puff of flame hits you. The orc hits you but does no damage. x2
1349 ||| READING scroll of teleportation.
As you read the scroll of teleportation, it crumbles to dust.
You feel strangely unstable. The bat hits you but does no damage.
The orc wizard hits you but does no damage.
The orc hits you but does no damage. The orc hits you with a +0 mace.
You die...

........## ##.
###......#######.... ..
###.....#.......... ...
..................# ..#
#................# ..#
#................# ..(
........##.......#..
.................o.....#
>...........##..@o...#.
..). .......##..o)...#
.... .......##..b....#
.... ..#..##.##.....#
.... ..... ..# ##.....
...# #... #... .....
#... #..# #.. ####
#...####..#.#.
.#....##<.#.#


You could see an orc wizard, 2 orcs and a bat.

Vanquished Creatures
  A hound (D:3)
  An iguana (D:2)
  4 adders (D:3)
  A worm (D:3)
  3 dart slugs
  An orc (D:3)
  4 ball pythons (D:1)
  6 bats
  5 endoplasms
  4 giant cockroaches
  4 goblins
  10 hobgoblins
  3 jackals (D:1)
  5 kobolds
  2 quokkas (D:1)
  3 frilled lizards
  8 rats
65 creatures vanquished.

Notes
Turn   | Place    | Note
-------+----------+-------------------------------------------
     0 | D:1      | qw the Deep Elf Hunter began the quest for the Orb.
     0 | D:1      | Reached XP level 1. HP: 12/12 MP: 3/3
     0 | D:1      | 0 ||| qw: Version: 0.3-a-22-g0ed2b0b
     0 | D:1      | 0 ||| qw: Game counter: 5855
     0 | D:1      | 0 ||| qw: Melee chars always use a shield: true
     0 | D:1      | 0 ||| qw: God list: Okawaru
     0 | D:1      | 0 ||| qw: Allow faded altars: false
     0 | D:1      | 0 ||| qw: Do Orc after clearing Dungeon:15 true
     0 | D:1      | 0 ||| qw: Do second Lair branch before Depths: true
     0 | D:1      | 0 ||| qw: Lair rune preference: random
     0 | D:1      | 0 ||| qw: Goals: Normal
     0 | D:1      | 0 ||| PLANNING D:1-11
   101 | D:1      | Reached XP level 2. HP: 16/16 MP: 4/4
   125 | D:1      | Reached skill level 6 in Ranged Weapons
   340 | D:1      | Reached XP level 3. HP: 20/20 MP: 5/5
   450 | D:1      | 450 ||| DROPPING scarf of harm.
   451 | D:1      | 451 ||| UPGRADING to amulet of guardian spirit.
   456 | D:1      | 456 ||| UPGRADING to ring of positive energy.
   457 | D:1      | 457 ||| READING 2 scrolls labelled ZEINEUNWOC.
   462 | D:1      | 462 ||| READING 5 scrolls labelled LABRIT ZESIUM.
   463 | D:1      | 463 ||| READING scroll labelled GELUEM LUCH.
   464 | D:1      | 464 ||| READING 4 scrolls of identify.
   464 | D:1      | 464 ||| IDENTIFYING fizzy brown potion
   465 | D:1      | 465 ||| READING 3 scrolls of identify.
   465 | D:1      | 465 ||| IDENTIFYING coppery potion
   466 | D:1      | 466 ||| READING 2 scrolls of identify.
   466 | D:1      | 466 ||| IDENTIFYING inky potion
   467 | D:1      | 467 ||| DROPPING scroll of butterflies.
   468 | D:1      | 468 ||| DROPPING potion of magic.
   469 | D:1      | 469 ||| DROPPING potion of invisibility.
   470 | D:1      | 470 ||| DROPPING potion of attraction.
   573 | D:2      | Reached skill level 7 in Ranged Weapons
   623 | D:2      | Reached XP level 4. HP: 25/25 MP: 6/6
   958 | D:2      | 958 ||| UPGRADING to +0 ring mail.
   968 | D:2      | 968 ||| DROPPING +0 leather armour.
   969 | D:2      | 969 ||| UPGRADING to ring of protection from cold.
   970 | D:2      | 970 ||| UPGRADING to +6 ring of dexterity.
   972 | D:2      | 972 ||| READING scroll labelled NAGACE ASAOR.
   973 | D:2      | 973 ||| READING scroll labelled MOOSUB TIUMIL.
  1074 | D:2      | 1074 ||| DRINKING 2 sapphire potions.
  1112 | D:3      | Noticed a +0 short sword
  1112 | D:3      | Noticed a +0 spear
  1115 | D:3      | Noticed a +0 falchion
  1119 | D:3      | Noticed a +0 dagger
  1119 | D:3      | Noticed a +0 falchion
  1119 | D:3      | Noticed a +0 dagger
  1121 | D:3      | Noticed a +0 spear
  1122 | D:3      | Noticed a +0 short sword
  1128 | D:3      | Found a hide-covered altar of Uskayaw.
  1170 | D:3      | Reached skill level 8 in Ranged Weapons
  1188 | D:3      | Reached skill level 3 in Dodging
  1200 | D:3      | Found a glowing silver altar of Zin.
  1200 | D:3      | Noticed an angel
  1201 | D:3      | Found a shimmering altar of Xom.
  1240 | D:3      | Reached XP level 5. HP: 29/29 MP: 7/7
  1261 | D:3      | Found an ancient bone altar of Kikubaaqudgha.
  1348 | D:3      | HP: 7/29 [orc/+0 mace (5)]
  1348 | D:3      | HP: 3/29 [orc wizard/puff of flame (4)]
  1349 | D:3      | 1349 ||| READING scroll of teleportation.
  1349 | D:3      | Slain by an orc

Levels and vault maps discovered:
D:1:      lightli_arrival_isolated_outpost, layout_rooms
D:2:      minmay_chambers_of_twos, layout_rooms, serial_bayou_crossing
D:3:      layout_rooms, grunt_temple_overflow_order_and_chaos_1,
          kiku_gazebo_pond_becter, nicolae_uskayaw_en_pointe,
          nicolae_ecumenical_pavilion

Skill      XL: |  1  2  3  4 |
---------------+-------------+-----
Ranged Weapons | 6 7 8 |  8.4
Dodging        | 3 |  3.0
Fighting       | |  1.5
Stealth        | |  1.2

Action                     |  1- 3 |  4- 6 || total
---------------------------+-------+-------++-------
   Fire: Shortbow          |    87 |    87 ||   174
    Use: Scroll            |     6 |     3 ||     9
         Potion            |       |     1 ||     1
 Armour: Leather armour    |     7 |       ||     7
         Ring mail         |       |    21 ||    21
  Dodge: Dodged            |    12 |    17 ||    29

Table legend:
 A = Non-vault XP
 B = Vault XP
 C = Vault XP percentage of total XP
 D = Non-vault monster count
 E = Vault monster count
 F = Vault count percentage of total count
                 A         B        C        D         E       F
            +---------+---------+-------+---------+---------+-------
      Total |     222 |      18 |   7.5 |      57 |       8 |  12.3
            +---------+---------+-------+---------+---------+-------
        D:1 |      49 |       0 |   0.0 |      28 |       0 |   0.0
        D:2 |      53 |      18 |  25.4 |      11 |       8 |  42.1
        D:3 |     120 |       0 |   0.0 |      18 |       0 |   0.0
            +---------+---------+-------+---------+---------+-------
